 Dungeon Crawl Stone Soup version 0.21.1-1-g345015f (webtiles) character file.

581 yevrey the Ruffian (level 7, -3/57 HPs)
             Began as a Green Draconian Transmuter on Apr 18, 2018.
             Killed from afar by Natasha (10 damage)
             ... with a wand of flame (22)
             ... on level 4 of the Dungeon.
             The game lasted 00:11:52 (3382 turns).

yevrey the Ruffian (Green Draconian Transmuter)     Turns: 3382, Time: 00:11:54

Health: -3/57      AC:  2    Str: 12    XL:     7   Next: 13%
Magic:  8/12       EV: 19    Int: 16    God:
Gold:   190        SH:  0    Dex: 16    Spells: 7/13 levels left

rFire    . . .     SeeInvis .     - Unarmed
rCold    . . .     Gourm    .   (shield currently unavailable)
rNeg     . . .     Faith    .   (armour unavailable)
rPois    x         Spirit   .   (helmet currently unavailable)
rElec    .         Reflect  .   (cloak currently unavailable)
rCorr    .         Harm     .   (gloves currently unavailable)
MR       .....                  (boots currently unavailable)
Stlth    +.........             (no amulet)
HPRegen  0.19/turn              (no ring)
MPRegen  0.13/turn              (no ring)

@: spider-form (expiring), slowed, very slow
A: tiny, (breathe noxious fumes), unfitting armour, AC +6
a: End Transformation


You were on level 4 of the Dungeon.
You were not hungry.
You were a venomous arachnid creature.
You visited 1 branch of the dungeon, and saw 4 of its levels.

You collected 190 gold pieces.

Inventory:

Hand Weapons
 x - a +0 fustibalus
Missiles
 a - 51 arrows
 d - 6 javelins
 f - 8 tomahawks (quivered)
 q - a throwing net
Armour
 o - a +2 shield
Jewellery
 v - an uncursed ring of stealth {unknown}
Wands
 y - a wand of random effects (32)
Scrolls
 g - 2 scrolls of immolation {unknown}
 h - 4 scrolls of teleportation
 i - a scroll of enchant armour {unknown}
 j - 2 scrolls of fear {unknown}
 k - 3 scrolls of remove curse
 l - 5 scrolls of identify
 n - a scroll of fog {unknown}
 w - a scroll of amnesia {unknown}
Potions
 e - 4 potions of curing
 m - a potion of cancellation {unknown}
 p - a potion of flight {unknown}
 s - 2 potions of lignification {unknown}
 t - a potion of berserk rage {unknown}
 u - a potion of magic {unknown}
Books
 b - a book of Changes

   Spells                             Type                      Level
   a - Beastly Appendage              Transmutation                1
   b - Sticks to Snakes               Transmutation                2
   c - Spider Form                    Transmutation/Poison         3
   d - Ice Form                       Ice/Transmutation            4
   e - Blade Hands                    Transmutation                5
 r - a book of Misfortune

   Spells                             Type                      Level
   a - Confusing Touch                Hexes                        1
   b - Confuse                        Hexes                        3
   c - Gell's Gravitas                Translocation                3
   d - Petrify                        Transmutation/Earth          4
   e - Metabolic Englaciation         Hexes/Ice                    5
   f - Yara's Violent Unravelling     Hexes/Transmutation          5
Comestibles
 c - 4 rations


   Skills:
 + Level 3.3 Fighting
 + Level 0.5 Throwing
 - Level 1.7 Dodging
 + Level 5.4 Unarmed Combat
 + Level 3.8 Spellcasting
 + Level 3.4 Transmutations
 * Level 2.4 Poison Magic


You had 7 spell levels left.
You knew the following spells:

 Your Spells              Type           Power        Failure   Level  Hunger
a - Beastly Appendage     Tmut           ##....       13%         1    None
b - Sticks to Snakes      Tmut           ##......     17%         2    ##.....
c - Spider Form           Tmut/Pois      ##........   34%         3    ###....


Dungeon Overview and Level Annotations

Branches:
Dungeon (4/15)
 Temple: D:4-7

Altars:
Makhleb

Annotations:
D:4 Natasha


Innate Abilities, Weirdness & Mutations

((You can breathe blasts of noxious fumes.))
((Your lurid green scales are hard. (AC +6)))
You cannot fit into any form of body armour.
((Your system is resistant to poisons. (rPois)))
((You are cold-blooded and may be slowed by cold attacks.))


Message History

Natasha casts a spell at you. You resist with some effort.
You feel sick.
You are no longer poisoned.
Natasha casts a spell at you.
You feel yourself slow down. Natasha claws you.
Natasha zaps a wand.
The puff of flame hits you!
* * * LOW HITPOINT WARNING * * *
It is a wand of flame (23).
You bite Natasha!
Natasha is poisoned.
Natasha is heavily wounded.
Natasha zaps a wand.
The puff of flame misses you.
You barely miss Natasha.
Natasha is severely wounded.
Your transformation is almost over.
Natasha stares at you and mumbles some strange words.
The magic dart hits you!
* * * LOW HITPOINT WARNING * * *
Natasha zaps a wand.
The puff of flame hits you!
You die...

.... #..# . #..#
#!. #..# #..# #..#
#..# ########..##
#..#
...........##..#
...........sh.#
##.#########....#
##.# #....# #..##
##...## ##..####
##....#
##.<..######....##
#####.)........#
###.......##
##.)....#


You could see Natasha.

Vanquished Creatures
  Sigmund (D:2)
  Duvessa (D:4)
  A bullfrog (D:3)
  Dowan (D:4)
  The ghost of Prodoman the Magician, a weakling DgWz (D:3)
  A hound (D:2)
  An orc wizard (D:2)
  Natasha (twice) (D:4)
  2 adders (D:2)
  A worm (D:2)
  3 dart slugs
  3 leopard geckos
  6 orcs
  5 bats
  A giant cockroach (D:1)
  8 hobgoblins
  4 jackals (D:1)
  A quokka (D:3)
  3 frilled lizards (D:2)
  6 kobolds
  A leopard gecko skeleton (D:4)
  3 rats
56 creatures vanquished.

Vanquished Creatures (collateral kills)
  An ooze (D:2)
  A worm (D:2)
2 creatures vanquished.

Grand Total: 58 creatures vanquished

Notes
Turn   | Place    | Note
-------+----------+-------------------------------------------
     0 | D:1      | yevrey the Draconian Transmuter began the quest for the Orb.
     0 | D:1      | Reached XP level 1. HP: 16/16 MP: 3/3
   209 | D:1      | Reached XP level 2. HP: 20/23 MP: 3/5
   216 | D:1      | Learned a level 2 spell: Sticks to Snakes
   999 | D:2      | Found a burning altar of Makhleb.
  1004 | D:2      | Reached XP level 3. HP: 27/29 MP: 4/6
  1009 | D:2      | Learned a level 3 spell: Spider Form
  1031 | D:2      | Noticed Sigmund
  1048 | D:2      | Killed Sigmund
  1048 | D:2      | Reached skill level 4 in Unarmed Combat
  1048 | D:2      | Reached XP level 4. HP: 37/37 MP: 2/8
  1048 | D:2      | Reached XP level 5. HP: 42/42 MP: 2/9
  1989 | D:3      | Found a faded altar of an unknown god.
  2086 | D:3      | Noticed Prodoman's ghost (weakling DgWz)
  2153 | D:4      | Noticed Duvessa
  2153 | D:4      | Noticed Dowan
  2162 | D:3      | Reached skill level 5 in Unarmed Combat
  2162 | D:3      | Reached XP level 6. HP: 47/51 MP: 3/10
  2462 | D:4      | Noticed Natasha
  2468 | D:4      | Killed Natasha
  2468 | D:4      | Reached skill level 1 in Poison Magic
  2882 | D:3      | Killed Prodoman's ghost
  3256 | D:4      | Noticed Natasha
  3263 | D:4      | Killed Natasha
  3329 | D:4      | Killed Duvessa
  3329 | D:4      | Your scales start taking on a lurid green colour.
  3329 | D:4      | Reached XP level 7. HP: 49/57 MP: 8/12
  3329 | D:4      | Gained mutation: Your system is resistant to poisons. (rPois) [Green Draconian growth]
  3340 | D:4      | Killed Dowan
  3376 | D:4      | Noticed Natasha
  3382 | D:4      | Killed from afar by Natasha

Skill      XL: |  1  2  3  4  5  6 |
---------------+-------------------+-----
Fighting       | 2 3 |  3.3
Unarmed Combat | 4 5 |  5.4
Transmutations | 3 |  3.4
Spellcasting   | 3 |  3.8
Poison Magic   | 2 |  2.4
Throwing       | |  0.5
Dodging        | |  1.7

Action                   |  1- 3 |  4- 6 |  7- 9 || total
-------------------------+-------+-------+-------++-------
Melee: Unarmed           |    58 |   124 |     9 ||   191
       Tailslap          |     9 |     3 |       ||    12
       Kick              |     7 |     4 |       ||    11
       Headbutt          |       |     1 |       ||     1
Throw: Tomahawk          |       |     9 |       ||     9
       Javelin           |       |     3 |       ||     3
 Cast: Beastly Appendage |    11 |     8 |       ||    19
       Sticks to Snakes  |     1 |     2 |     2 ||     5
       Spider Form       |       |    15 |     1 ||    16
 Abil: End Transformatio |       |     6 |     1 ||     7
  Use: Scroll            |       |     4 |       ||     4
 Stab: Sleeping          |     1 |     1 |       ||     2
       Distracted        |     2 |       |       ||     2
  Eat: Chunk             |       |     8 |       ||     8
       Ration            |       |     1 |       ||     1
Armor: Skin              |    18 |    19 |     1 ||    38
Dodge: Dodged            |    36 |    84 |     8 ||   128
